[ AOE2 MATCH · #505839850 ]
UnrankedJapanese vs Mapuche
Player's team · WIN
Rival team · LOSS
[ REPLAY ANALYSIS · EXTRACTED FROM THE RECORDED GAME ]
Feudal
8:51
Castle
25:31
Imperial
—
| APM avg | 56.5 |
| APM peak | 97 |
| eAPM avg | 21.2 |
| Villagers / military | 83 / 12 |
Focus
⚔️ 30.1% · 🌾 69.9%
Militia ×12
Feudal
8:54
Castle
—
Imperial
—
| APM avg | 56.1 |
| APM peak | 92 |
| eAPM avg | 22.9 |
| Villagers / military | 65 / 35 |
Focus
⚔️ 38.8% · 🌾 61.2%
Skirmisher ×22 · Archer ×8 · Spearman ×5
Match map
Initial resources + every placement click. Lines = walls · curves = elevation contours. ◆ gold · ⬟ stone · ● berries · ✦ relic · ◌ wall gap
Your base· Open — unwalled flank
Dr Housed's base· Open — 4t gap
Smoothed initial terrain · ◌ = detected wall gap · hover for details
Inputs per minute
— 新竹 - - Dr Housed
Build order — 新竹
First 150 of 195 actions detected
| 0:00 | Queue | Villager (Male) |
| 0:01 | Queue | Villager (Male) |
| 0:01 | Queue | Villager (Male) |
| 0:01 | Queue | Villager (Male) |
| 0:02 | Build | House |
| 0:04 | Build | House |
| 1:27 | Queue | Villager (Male) |
| 1:27 | Queue | Villager (Male) |
| 2:03 | Queue | Villager (Male) |
| 2:03 | Queue | Villager (Male) |
| 2:03 | Queue | Villager (Male) |
| 2:17 | Queue | Villager (Male) |
| 2:17 | Queue | Villager (Male) |
| 2:21 | Build | Lumber Camp |
| 2:34 | Build | House |
| 2:44 | Queue | Villager (Male) |
| 2:45 | Queue | Villager (Male) |
| 3:16 | Queue | Villager (Male) |
| 3:16 | Queue | Villager (Male) |
| 3:55 | Queue | Villager (Male) |
| 3:55 | Queue | Villager (Male) |
| 3:55 | Queue | Villager (Male) |
| 4:43 | Queue | Villager (Male) |
| 4:43 | Queue | Villager (Male) |
| 4:43 | Queue | Villager (Male) |
| 5:10 | Build | Barracks |
| 5:38 | Queue | Villager (Male) |
| 5:51 | Build | House |
| 6:05 | Research | Loom |
| 6:05 | Research | Loom |
| 6:21 | Build | Mining Camp |
| 6:31 | Research | Feudal Age |
| 6:55 | Queue | Militia |
| 6:55 | Queue | Militia |
| 6:58 | Build | House |
| 7:10 | Queue | Militia |
| 7:10 | Queue | Militia |
| 7:10 | Queue | Militia |
| 7:26 | Queue | Militia |
| 7:26 | Queue | Militia |
| 7:26 | Queue | Militia |
| 7:38 | Build | Mill |
| 7:44 | Queue | Militia |
| 8:41 | Build | Mining Camp |
| 8:43 | Build | Palisade Wall |
| 8:44 | Build | Palisade Wall |
| 8:51 | Age | Feudal Age |
| 8:52 | Research | Man-at-Arms (upgrade) |
| 8:53 | Research | Man-at-Arms (upgrade) |
| 8:53 | Queue | Villager (Male) |
| 8:54 | Queue | Villager (Male) |
| 8:54 | Queue | Villager (Male) |
| 9:28 | Build | Watch Tower |
| 9:41 | Research | Double-Bit Axe |
| 9:41 | Research | Double-Bit Axe |
| 9:55 | Queue | Villager (Male) |
| 9:56 | Queue | Villager (Male) |
| 9:56 | Queue | Villager (Male) |
| 10:09 | Build | Watch Tower |
| 10:15 | Queue | Villager (Male) |
| 10:17 | Build | Palisade Wall |
| 10:20 | Build | Palisade Wall |
| 10:39 | Build | Farm |
| 10:40 | Build | Farm |
| 10:53 | Build | Palisade Wall |
| 10:54 | Build | Palisade Wall |
| 11:11 | Queue | Villager (Male) |
| 11:11 | Queue | Villager (Male) |
| 11:11 | Queue | Villager (Male) |
| 11:13 | Build | Farm |
| 11:20 | Build | House |
| 11:29 | Queue | Villager (Male) |
| 11:30 | Queue | Villager (Male) |
| 11:30 | Queue | Villager (Male) |
| 11:38 | Build | Watch Tower |
| 11:54 | Queue | Villager (Male) |
| 11:55 | Queue | Villager (Male) |
| 11:59 | Build | House |
| 12:09 | Build | Stone Wall |
| 12:14 | Queue | Villager (Male) |
| 12:15 | Queue | Villager (Male) |
| 12:45 | Queue | Villager (Male) |
| 12:45 | Queue | Villager (Male) |
| 13:07 | Build | Watch Tower |
| 13:09 | Queue | Villager (Male) |
| 13:10 | Queue | Villager (Male) |
| 13:18 | Build | Blacksmith |
| 13:20 | Build | House |
| 13:25 | Queue | Villager (Male) |
| 13:25 | Queue | Villager (Male) |
| 13:25 | Queue | Villager (Male) |
| 13:44 | Build | Farm |
| 14:04 | Build | Palisade Wall |
| 14:05 | Build | Palisade Wall |
| 14:06 | Build | Palisade Wall |
| 14:11 | Build | Palisade Wall |
| 14:54 | Queue | Villager (Male) |
| 14:54 | Queue | Villager (Male) |
| 14:54 | Queue | Villager (Male) |
| 14:54 | Queue | Villager (Male) |
| 14:54 | Queue | Villager (Male) |
| 15:08 | Build | Farm |
| 15:12 | Build | House |
| 15:13 | Build | House |
| 15:28 | Build | Watch Tower |
| 15:36 | Queue | Villager (Male) |
| 15:36 | Queue | Villager (Male) |
| 15:36 | Queue | Villager (Male) |
| 15:36 | Queue | Villager (Male) |
| 15:47 | Research | Fletching |
| 15:47 | Research | Fletching |
| 15:48 | Research | Horse Collar |
| 15:48 | Research | Horse Collar |
| 15:49 | Queue | Villager (Male) |
| 15:49 | Queue | Villager (Male) |
| 15:52 | Build | House |
| 15:53 | Build | House |
| 16:03 | Queue | Villager (Male) |
| 16:03 | Queue | Villager (Male) |
| 16:03 | Queue | Villager (Male) |
| 16:05 | Build | Farm |
| 16:23 | Build | Palisade Wall |
| 16:24 | Build | Palisade Wall |
| 16:29 | Queue | Villager (Male) |
| 16:29 | Queue | Villager (Male) |
| 16:29 | Queue | Villager (Male) |
| 16:31 | Build | Farm |
| 16:37 | Build | House |
| 16:38 | Build | House |
| 16:39 | Build | House |
| 16:41 | Build | Stone Wall |
| 16:53 | Build | Watch Tower |
| 17:10 | Queue | Villager (Male) |
| 17:10 | Queue | Villager (Male) |
| 17:12 | Build | Farm |
| 17:13 | Build | Farm |
| 17:14 | Build | Farm |
| 17:15 | Build | Farm |
| 17:17 | Build | Farm |
| 17:31 | Research | Scale Mail Armor |
| 17:31 | Research | Scale Mail Armor |
| 17:32 | Queue | Villager (Male) |
| 17:32 | Queue | Villager (Male) |
| 17:32 | Queue | Villager (Male) |
| 17:41 | Queue | Villager (Male) |
| 17:41 | Queue | Villager (Male) |
| 17:46 | Build | House |
| 17:47 | Build | House |
| 17:49 | Build | House |
| 17:58 | Build | Watch Tower |
Build order — Dr Housed
First 150 of 171 actions detected
| 0:00 | Queue | Villager (Male) |
| 0:02 | Build | House |
| 0:04 | Build | House |
| 0:12 | Queue | Villager (Male) |
| 0:12 | Queue | Villager (Male) |
| 0:12 | Queue | Villager (Male) |
| 1:22 | Queue | Villager (Male) |
| 1:43 | Build | Settlement |
| 1:58 | Queue | Villager (Male) |
| 2:15 | Queue | Villager (Male) |
| 2:55 | Queue | Villager (Male) |
| 2:55 | Queue | Villager (Male) |
| 3:14 | Queue | Villager (Male) |
| 3:43 | Queue | Villager (Male) |
| 3:43 | Queue | Villager (Male) |
| 3:53 | Build | Settlement |
| 4:04 | Queue | Villager (Male) |
| 4:04 | Queue | Villager (Male) |
| 4:37 | Queue | Villager (Male) |
| 4:47 | Queue | Villager (Male) |
| 5:34 | Build | House |
| 5:53 | Queue | Villager (Male) |
| 5:53 | Research | Loom |
| 6:44 | Research | Feudal Age |
| 7:21 | Build | Palisade Wall |
| 7:23 | Build | Palisade Wall |
| 7:34 | Build | Palisade Wall |
| 7:40 | Queue | Villager (Male) |
| 7:46 | Build | Palisade Wall |
| 7:50 | Build | Palisade Wall |
| 7:51 | Build | Palisade Wall |
| 7:51 | Build | Palisade Wall |
| 7:53 | Build | Palisade Wall |
| 8:50 | Queue | Villager (Male) |
| 8:54 | Age | Feudal Age |
| 9:02 | Research | Double-Bit Axe |
| 9:07 | Research | Horse Collar |
| 9:15 | Queue | Spearman |
| 9:15 | Queue | Spearman |
| 9:20 | Queue | Spearman |
| 9:20 | Queue | Spearman |
| 9:24 | Queue | Skirmisher |
| 9:24 | Queue | Skirmisher |
| 9:25 | Queue | Villager (Male) |
| 9:28 | Build | Farm |
| 9:35 | Build | Farm |
| 9:38 | Build | Farm |
| 9:43 | Queue | Villager (Male) |
| 9:56 | Queue | Skirmisher |
| 9:56 | Queue | Skirmisher |
| 9:58 | Queue | Villager (Male) |
| 10:11 | Build | Palisade Wall |
| 10:27 | Research | Town Watch |
| 10:28 | Queue | Villager (Male) |
| 10:31 | Build | House |
| 10:59 | Build | Settlement |
| 11:07 | Build | Palisade Wall |
| 11:16 | Queue | Villager (Male) |
| 11:28 | Queue | Villager (Male) |
| 11:31 | Build | House |
| 11:37 | Build | House |
| 11:39 | Queue | Villager (Male) |
| 11:46 | Build | Watch Tower |
| 11:54 | Queue | Skirmisher |
| 11:55 | Queue | Skirmisher |
| 11:56 | Queue | Villager (Male) |
| 12:11 | Queue | Villager (Male) |
| 12:24 | Build | Palisade Wall |
| 12:27 | Queue | Villager (Male) |
| 12:36 | Queue | Skirmisher |
| 12:36 | Queue | Skirmisher |
| 12:37 | Queue | Villager (Male) |
| 12:44 | Queue | Villager (Male) |
| 12:57 | Queue | Villager (Male) |
| 13:20 | Queue | Villager (Male) |
| 13:23 | Build | Settlement |
| 14:03 | Queue | Spearman |
| 14:04 | Queue | Villager (Male) |
| 14:11 | Build | House |
| 14:13 | Build | House |
| 14:16 | Queue | Villager (Male) |
| 14:23 | Build | House |
| 14:27 | Build | Palisade Wall |
| 14:46 | Queue | Villager (Male) |
| 14:48 | Queue | Villager (Male) |
| 15:08 | Queue | Skirmisher |
| 15:08 | Queue | Skirmisher |
| 15:09 | Queue | Villager (Male) |
| 15:41 | Queue | Villager (Male) |
| 15:44 | Build | Palisade Wall |
| 15:50 | Queue | Villager (Male) |
| 16:12 | Queue | Villager (Male) |
| 16:21 | Queue | Villager (Male) |
| 16:27 | Build | Blacksmith |
| 16:30 | Build | Farm |
| 16:34 | Build | Farm |
| 16:34 | Build | Farm |
| 16:36 | Build | Farm |
| 16:37 | Queue | Villager (Male) |
| 16:51 | Queue | Villager (Male) |
| 16:56 | Build | Settlement |
| 17:12 | Build | Farm |
| 17:13 | Queue | Villager (Male) |
| 17:29 | Research | Fletching |
| 17:44 | Queue | Skirmisher |
| 17:45 | Queue | Skirmisher |
| 17:46 | Queue | Villager (Male) |
| 17:47 | Queue | Villager (Male) |
| 18:05 | Queue | Villager (Male) |
| 18:11 | Queue | Skirmisher |
| 18:11 | Queue | Skirmisher |
| 18:16 | Queue | Villager (Male) |
| 18:20 | Build | Farm |
| 18:32 | Queue | Villager (Male) |
| 18:45 | Queue | Villager (Male) |
| 18:48 | Build | Barracks |
| 19:09 | Queue | Skirmisher |
| 19:09 | Queue | Skirmisher |
| 19:10 | Queue | Skirmisher |
| 19:13 | Queue | Villager (Male) |
| 19:21 | Queue | Villager (Male) |
| 19:29 | Queue | Villager (Male) |
| 19:48 | Build | Archery Range |
| 20:07 | Queue | Skirmisher |
| 20:07 | Queue | Skirmisher |
| 20:07 | Queue | Skirmisher |
| 20:34 | Queue | Villager (Male) |
| 20:44 | Build | Settlement |
| 20:52 | Queue | Skirmisher |
| 20:52 | Queue | Skirmisher |
| 20:56 | Queue | Archer |
| 20:56 | Queue | Archer |
| 20:56 | Queue | Archer |
| 20:56 | Queue | Archer |
| 20:57 | Queue | Archer |
| 21:08 | Build | Farm |
| 21:09 | Build | Farm |
| 21:11 | Build | Farm |
| 21:12 | Build | Farm |
| 21:12 | Build | Farm |
| 21:13 | Queue | Villager (Male) |
| 21:24 | Build | House |
| 21:43 | Build | House |
| 21:43 | Build | House |
| 22:02 | Build | Farm |
| 22:03 | Build | Farm |
| 22:05 | Build | Farm |
| 22:06 | Build | Farm |
| 22:06 | Build | Farm |
| 22:07 | Build | Farm |
Match timeline
| 5:10 | 新竹 · first_building Barracks |
| 7:21 | Dr Housed · wall_segment Palisade Wall x5 |
| 7:23 | Dr Housed · wall_segment Palisade Wall x2 |
| 7:34 | Dr Housed · wall_segment Palisade Wall x9 |
| 7:46 | Dr Housed · wall_segment Palisade Wall x5 |
| 7:50 | Dr Housed · wall_segment Palisade Wall x1 |
| 7:51 | Dr Housed · wall_segment Palisade Wall x1 |
| 7:51 | Dr Housed · wall_segment Palisade Wall x1 |
| 7:53 | Dr Housed · wall_segment Palisade Wall x2 |
| 8:43 | 新竹 · wall_segment Palisade Wall x1 |
| 8:44 | 新竹 · wall_segment Palisade Wall x1 |
| 8:51 | 新竹 · age_up feudal |
| 8:54 | Dr Housed · age_up feudal |
| 10:11 | Dr Housed · wall_segment Palisade Wall x1 |
| 10:17 | 新竹 · wall_segment Palisade Wall x1 |
| 10:20 | 新竹 · wall_segment Palisade Wall x1 |
| 10:53 | 新竹 · wall_segment Palisade Wall x3 |
| 10:54 | 新竹 · wall_segment Palisade Wall x1 |
| 11:07 | Dr Housed · wall_segment Palisade Wall x3 |
| 12:09 | 新竹 · wall_segment Stone Wall x1 |
| 12:24 | Dr Housed · wall_segment Palisade Wall x1 |
| 14:04 | 新竹 · wall_segment Palisade Wall x2 |
| 14:05 | 新竹 · wall_segment Palisade Wall x1 |
| 14:06 | 新竹 · wall_segment Palisade Wall x1 |
| 14:11 | 新竹 · wall_segment Palisade Wall x2 |
| 14:27 | Dr Housed · wall_segment Palisade Wall x1 |
| 15:44 | Dr Housed · wall_segment Palisade Wall x1 |
| 16:23 | 新竹 · wall_segment Palisade Wall x2 |
| 16:24 | 新竹 · wall_segment Palisade Wall x2 |
| 16:41 | 新竹 · wall_segment Stone Wall x1 |
| 18:47 | 新竹 · wall_segment Palisade Wall x2 |
| 18:48 | Dr Housed · first_building Barracks |
| 18:49 | 新竹 · wall_segment Palisade Wall x1 |
| 18:55 | 新竹 · wall_segment Palisade Wall x1 |
| 19:48 | Dr Housed · first_building Archery Range |
| 23:11 | 新竹 · wall_segment Palisade Wall x1 |
| 24:48 | 新竹 · wall_segment Palisade Wall x2 |
| 24:49 | 新竹 · wall_segment Palisade Wall x2 |
| 24:50 | 新竹 · wall_segment Palisade Wall x3 |
| 24:51 | 新竹 · wall_segment Palisade Wall x3 |
| 24:55 | Dr Housed · first_market_sell 500 wood |
| 24:56 | Dr Housed · first_market_buy 100 food |
| 25:31 | 新竹 · age_up castle |
| 25:36 | Dr Housed · resign |
[ AI ANALYSIS · 1 CREDIT ]
What really happened in this match?
Wolo.gg analyzes every decision: build order, eco, micro, common mistakes by bracket. Personalized analysis on WhatsApp or Discord in 30 seconds.
Civ guide
Japanese
Perfil
Jugador #14547856